 Dungeon Crawl Stone Soup version 0.30-a0-297-g0ec75d9ef4 (webtiles) character file.

Game seed: 5027305862854157090

54 lonewolfV2 the Sneak (level 3, -1/14 HPs)
             Began as a Felid Venom Mage on Oct 20, 2022.
             Slain by an orc wizard
             ... wielding a +0 dagger
              (4 damage)
             ... on level 3 of the Dungeon.
             The game lasted 00:06:21 (3653 turns).

lonewolfV2 the Sneak (Felid Venom Mage)             Turns: 3653, Time: 00:06:22

Health: -1/14      AC:  1    Str:  4    XL:     3   Next: 66%
Magic:  1/8        EV: 17    Int: 18    God:
Gold:   93         SH:  0    Dex: 16    Spells: 0/7 levels left
                                        Lives:  0   Deaths: 1

rFire   . . .      SeeInvis +    (weapon unavailable)
rCold   . . .      Faith    .    (shield unavailable)
rNeg    . . .      Spirit   .    (body armour unavailable)
rPois   .          Reflect  .    (helmet unavailable)
rElec   .          Harm     .    (cloak unavailable)
rCorr   .          Rampage  .    (gloves unavailable)
Will    .....                    (boots unavailable)
Stlth   +.........               (no amulet)
HPRegen 0.22/turn                (no ring)
MPRegen 0.11/turn                (no ring)

@: confused, quick
A: very small, claws 1, fangs 3, see invisible, speed 1, shaggy fur 1, stealthy
paws, no weapons or thrown items, no armour, multi-lived
a: no special abilities


You were on level 3 of the Dungeon.
You visited 1 branch of the dungeon, and saw 3 of its levels.

You collected 93 gold pieces.

Inventory:

Scrolls
 c - a scroll of immolation
Potions
 a - a potion of magic
 b - a potion of heal wounds {unknown}
 d - a potion of cancellation {unknown}
 e - 2 potions of brilliance {unknown}


   Skills:
 + Level 2.9 Dodging
 + Level 3.8 Stealth
 + Level 2.7 Spellcasting
 + Level 2.2 Transmutations
 + Level 0.6 Air Magic
 * Level 3.4 Poison Magic


You couldn't memorise any spells.
You knew the following spells:

 Your Spells              Type           Power      Damage    Failure   Level
a - Sting                 Tmut/Pois      48%        1d5       5%          1
b - Poisonous Vapours     Pois/Air       18%        N/A       11%         2
c - Olgreb's Toxic Radia  Pois           14%        N/A       38%         4

Your spell library contained the following spells:

 Spells                   Type           Power      Damage    Failure   Level
 Mephitic Cloud           Conj/Pois/Air  7%         N/A       28%         3


Dungeon Overview and Level Annotations

Branches:
Dungeon (3/15)

Altars:
Elyvilon

Annotations:
D:3 Ijyb


Innate Abilities, Weirdness & Mutations

You have sharp claws.
You have razor-sharp teeth.
You have supernaturally acute eyesight. (SInv)
You cover ground quickly. (Speed+)
You are covered in fur. (AC +1)
Your paws help you pounce on unaware monsters.
You are incapable of wielding weapons or throwing items.
You cannot wear armour.
You gain extra lives every three experience levels.


Message History

The orc wizard casts a spell.
The orc wizard flickers and vanishes for a moment.
Things that are here:
a +0 mace; a +0 leather armour
Casting: Poisonous Vapours (safe; 11% risk of failure)
Confirm with . or Enter, or press ? or * to list all spells.
Aiming: Sting (safe; 5% risk of failure)
Press: ? - help, Shift-Dir - straight line, f - orc, p - orc wizard
Aim: an orc, wielding a +0 mace (poisoned, 71% to hit)
The sting hits the orc.
The orc looks even sicker.
The orc is lightly wounded.
You scratch the orc.
The orc is severely wounded.
The goblin throws a stone.
The stone closely misses you. The orc misses you.
You closely miss the orc.
The orc is severely wounded.
The orc misses you.
You scratch the orc but do no damage.
The orc is severely wounded.
The goblin hits you with a +0 dagger. The orc barely misses you.
You scratch the orc.
You kill the orc!
The orc wizard looks more healthy.
The goblin barely misses you.
An orc priest comes into view. It is wielding a +0 hand axe.
The orc hits you with a +0 hand axe!
Ouch! That really hurt!
The orc wizard gestures at you while chanting.
You resist with some effort.
You see here a +0 mace.
The orc priest shouts!
You scratch the orc.
The orc is heavily wounded.
The orc barely misses you. The goblin hits you with a +0 dagger.
* * * LOW HITPOINT WARNING * * *
The orc wizard gestures at you while chanting.
You are confused.
You bump into the rock wall.
The orc completely misses you. The goblin closely misses you.
The orc wizard hits you with a +0 dagger.
You die...

#.......#.###
###............
............g.
.............
.≈§≈≈≈≈≈...#
.≈≈≈≈≈≈≈...#####
.≈§..§.........#
.≈≈.§......###.#####.###
.≈≈.....P.).g@o..o......
.≈≈.......####o.........
.≈≈..P._..# #######.###
.....P....# #
....o.....# ##.######.#
#. ... # ####


You could see an orc priest, an orc wizard (invisible), an orc and a goblin.

Vanquished Creatures
  An orc wizard (D:3)
  2 adders (D:2)
  2 dart slugs (D:1)
  6 orcs (D:3)
  An endoplasm (D:2)
  A giant cockroach (D:1)
  8 goblins
  6 hobgoblins
  3 jackals (D:2)
  5 kobolds
  3 quokkas
  A ball python (D:3)
  3 bats (D:1)
  A frilled lizard (D:2)
  9 rats
52 creatures vanquished.

Vanquished Creatures (others)
  4 fungi (D:3)
4 creatures vanquished.

Grand Total: 56 creatures vanquished

Notes
Turn   | Place    | Note
-------+----------+-------------------------------------------
     0 | D:1      | lonewolfV2 the Felid Venom Mage began the quest for the
                  | Orb.
     0 | D:1      | Reached XP level 1. HP: 7/7 MP: 4/4
   524 | D:1      | Reached XP level 2. HP: 11/11 MP: 3/6
  1325 | D:1      | Learned a level 2 spell: Poisonous Vapours
  1547 | D:2      | Reached XP level 3. HP: 14/14 MP: 4/7
  3055 | D:2      | Reached XP level 4. HP: 16/18 MP: 2/8
  3230 | D:3      | Found a faded altar of an unknown god.
  3241 | D:3      | Learned a level 4 spell: Olgreb's Toxic Radiance
  3503 | D:3      | Killed from afar by an orc priest
  3504 | D:3      | Reached XP level 3. HP: -11/14 MP: 2/8
  3504 | D:3      | Found a white marble altar of Elyvilon.
  3504 | D:3      | Noticed Ijyb
  3653 | D:3      | Slain by an orc wizard

Illustrated notes

Levels and vault maps discovered:
D:1:      dpeg_arrival_pits, layout_loops_ring, minivault_14,
          minmay_pentomino_t2
D:2:      layout_loops_ring
D:3:      layout_loops_ring, mainiacjoe_overflow_chevrons,
          hellmonk_ecumenical_altar_blasted, uniq_ijyb

Skill      XL: |  1  2  3 |
---------------+----------+-----
Poison Magic   | 3 |  3.4
Transmutations | 2 |  2.2
Stealth        | 3 |  3.8
Dodging        | |  2.9
Spellcasting   | |  2.7
Air Magic      | |  0.6

Action                   |  1- 3 |  4- 6 || total
-------------------------+-------+-------++-------
Melee: Unarmed           |    28 |       ||    28
       Bite              |     4 |       ||     4
 Cast: Sting             |    89 |     6 ||    95
       Poisonous Vapours |    15 |     9 ||    24
  Use: Scroll            |     3 |     1 ||     4
Armor: Skin              |     1 |       ||     1
Dodge: Dodged            |    59 |     2 ||    61

Table legend: (Time is in decaauts)
 A = Elapsed time spent in this place.
 B = Non-inter-level travel time spent in this place.
 C = Inter-level travel time spent in this place.
 D = Time resting spent in this place.
 E = Time spent auto-exploring this place.
 F = Levels seen in this place.
 G = Mean time per level.
                   A        B        C        D        E       F      G
               +--------+--------+--------+--------+--------+-----+--------+
         Total |   3391 |   3338 |     53 |   1569 |   1286 |   3 | 1130.3 |
       Dungeon |   3391 |   3338 |     53 |   1569 |   1286 |   3 | 1130.3 |
               +--------+--------+--------+--------+--------+-----+--------+

Top non-repeatable levels by time:
     D:1: 1687 daAuts
     D:2: 1308 daAuts
     D:3: 395 daAuts
